 Dungeon Crawl Stone Soup version 0.19-a0-1225-gf887c1c (webtiles) character file.

80 MovingMist the Distorting Demonspawn (level 4, 0/35 HPs)
             Began as a Demonspawn Abyssal Knight on Aug 25, 2016.
             Was a Believer of Lugonu.
             Slain by a gnoll
             ... wielding a +0 halberd
              (12 damage)
             ... on level 2 of the Dungeon.
             The game lasted 00:04:51 (1163 turns).

MovingMist the Distorting Demonspawn (DsAK)         Turns: 1163, Time: 00:04:52

Health: 0/35       AC: 11    Str: 13    XL:     4   Next: 18%
Magic:  7/7        EV:  9    Int: 13    God:    Lugonu [**....]
Gold:   53         SH:  0    Dex: 13    Spells: 0 memorised, 3 levels left

rFire  . . .     SeeInvis .     k - +0 whip (flame)
rCold  . . .     Gourm    .     i - +0 scale mail
rNeg   . . .     Faith    .     (no shield)
rPois  .         Spirit   .     (helmet restricted)
rElec  .         Dismiss  .     (no cloak)
rCorr  .         Reflect  .     (no gloves)
MR     .....     Harm     .     (no boots)
Stlth  ..........               (no amulet)
                                d - +3 ring of slaying
                                b - +5 ring of protection

@: no status effects
A: antennae 1
a: Depart the Abyss, Bend Space, Renounce Religion


You were on level 2 of the Dungeon.
You worshipped Lugonu.
Lugonu was pleased with you.
You were not hungry.

You visited 1 branch of the dungeon, and saw 2 of its levels.
You visited the Abyss 1 time.

You collected 53 gold pieces.

Inventory:

Hand Weapons
 a - a +1 hand axe
 k - a +0 whip of flaming (weapon)
Armour
 i - a +0 scale mail (worn)
Jewellery
 b - a +5 ring of protection (left hand)
 d - a +3 ring of slaying (right hand)
 e - an uncursed ring of poison resistance
Scrolls
 h - 3 scrolls of teleportation
 j - a scroll of noise
 p - a scroll of identify
Potions
 l - a potion of heal wounds {unknown}
 n - a potion of curing {unknown}
Comestibles
 c - 2 bread rations
 f - 2 chunks of flesh
 g - a meat ration
 m - a beef jerky
 o - a slice of pizza


   Skills:
 - Level 3.0 Fighting
 - Level 2.4(2.5) Axes
 + Level 1.1(2.0) Maces & Flails
 - Level 1.7 Armour
 + Level 1.9 Dodging
 + Level 4.0 Invocations


You had 3 spell levels left.
You didn't know any spells.

Dungeon Overview and Level Annotations

Branches:
Dungeon (2/15)

Altars:


Innate Abilities, Weirdness & Mutations

You have a pair of small antennae on your head.


Message History

You whack the gnoll! You burn the gnoll.
You kill the gnoll!
Lugonu accepts your kill.
The gnoll hits you from afar with a halberd!
Your scale mail prevents you from hitting the gnoll.
The gnoll hits you but does no damage.
You hit the gnoll.
The gnoll is heavily wounded.
The gnoll hits you but does no damage.
The gnoll hits you from afar with a halberd.
You hit the gnoll. You burn the gnoll.
The gnoll is almost dead.
The gnoll hits you but does no damage.
You barely miss the gnoll.
The gnoll is almost dead.
The gnoll hits you but does no damage. The gnoll barely misses you.
You barely miss the gnoll.
The gnoll is almost dead.
The gnoll hits you from afar with a halberd!
You die...

# #....#
#...# #
####.# ##..#
. ..#
#######.># #.
..#
........## ..
#######.#
...#.# #)#.#
##.####†..###
.....gg@....#
#.###.###.#.#
# ..#.# ### #


You could see 2 gnolls.

Vanquished Creatures
  Jessica (D:2)
  A gnoll (D:2)
  An ooze (D:2)
  3 dart slugs (D:1)
  A giant gecko (D:2)
  2 giant cockroaches (D:1)
  2 goblins
  4 hobgoblins (D:1)
  3 jackals (D:1)
  6 kobolds
  A quokka (D:2)
  3 bats (D:1)
  2 giant newts
  2 rats (D:1)
32 creatures vanquished.

Notes
Turn   | Place    | Note
-------+----------+-------------------------------------------
     0 | Abyss:1  | MovingMist the Demonspawn Abyssal Knight began the quest for the Orb.
     0 | Abyss:1  | Reached XP level 1. HP: 18/18 MP: 2/2
    14 | D:1      | Escaped the Abyss
    65 | D:1      | Reached skill level 1 in Dodging
   123 | D:1      | Gained mutation: You have a pair of small antennae on your head. [demonic ancestry]
   123 | D:1      | Reached XP level 2. HP: 22/24 MP: 4/4
   167 | D:1      | Reached skill level 3 in Invocations
   434 | D:1      | Reached ** piety under Lugonu
   436 | D:1      | Reached XP level 3. HP: 26/29 MP: 5/5
   735 | D:2      | Noticed Jessica
   743 | D:2      | Killed Jessica
   743 | D:2      | Reached skill level 1 in Maces & Flails
   948 | D:2      | Reached XP level 4. HP: 35/35 MP: 6/6
  1129 | D:2      | Reached skill level 4 in Invocations
  1163 | D:2      | Slain by a gnoll

Vault maps used:
D:1:      scummos_arrival_gate
D:2:      nrook_mini_vaults, minmay_misc_feat_roman,
          hangedman_decor_clover_reticule, uniq_jessica

Skill      XL: |  1  2  3  4 |
---------------+-------------+-----
Dodging        | 1 |  1.9
Axes           | 2 |  2.4
Invocations    | 3 4 |  4.0
Maces & Flails | 1 |  1.1
Fighting       | |  3.0
Armour         | |  1.7

Action                   |  1- 3 |  4- 6 || total
-------------------------+-------+-------++-------
Melee: Hand axe          |    62 |       ||    62
       Whip              |    26 |    13 ||    39
  Use: Scroll            |     6 |       ||     6
  Eat: Chunk             |       |     1 ||     1
Armor: Leather armour    |    15 |       ||    15
       Scale mail        |    30 |     6 ||    36
Dodge: Dodged            |    51 |     5 ||    56
